 Dungeon Crawl Stone Soup version 0.31-a0-232-gb1c03b2570 (webtiles) character file.

Game seed: 5808330699837802991

186 qw the Shooter (level 5, -1/30 HPs)
             Began as a Gargoyle Hexslinger on July 7, 2023.
             Slain by an orc wizard
             ... wielding a +0 dagger
              (2 damage)
             ... on level 3 of the Dungeon.
             The game lasted 00:00:59 (2618 turns).

qw the Shooter (Gargoyle Hexslinger)                Turns: 2618, Time: 00:00:59

Health: -1/30      AC: 12    Str: 16    XL:     5   Next: 65%
Magic:  6/6        EV: 11    Int: 14    God:
Gold:   102        SH:  0    Dex: 11    Spells: 5/6 levels left

rFire   . . .        Y - +2 sling
rCold   . . .        (no shield)
rNeg    + + +        k - +0 leather armour of Lugh {rN++ Will+ Str+5 Dex-3}
rPois   inf          d - +2 helmet
rElec   +            (no cloak)
rCorr   .            (no gloves)
SInv    .            g - +1 pair of boots
Will    +....        l - amulet of faith
Stlth   +            (no ring)
HPRegen 0.25/turn    (no ring)
MPRegen 0.10/turn

%: faith
@: no status effects
A: sickness immunity, AC +4, negative energy resistance 1, electricity
resistance, torment resistance 1, petrification resistance
a: no special abilities


You were on level 3 of the Dungeon.
You visited 1 branch of the dungeon, and saw 4 of its levels.

You collected 102 gold pieces.


Innate Abilities, Weirdness & Mutations

You are immune to sickness and miasma.
Your stone body is resilient. (AC +4)
You are immune to poison.
You resist negative energy. (rN+)
You are resistant to electric shocks. (rElec)
You are resistant to unholy torment.
You are immune to petrification.


   Skills:
 + Level 2.0 Fighting
 - Level 5.2 Ranged Weapons
 - Level 1.3 Armour
 - Level 1.5 Dodging
 - Level 1.0 Spellcasting
 - Level 2.6 Hexes


You had 5 spell levels left.
You knew the following spells:

 Your Spells              Type           Power      Damage    Failure   Level
a - Slow                  Hex            32%        N/A       11%         1

Your spell library contained the following spells:

 Spells                   Type           Power      Damage    Failure   Level
 Inner Flame              Hex/Fire       4%         N/A       50%         3
 Portal Projectile        Hex/Tloc       8%         N/A       50%         3
 Cause Fear               Hex            4%         N/A       71%         4

Inventory:

Hand Weapons
 Y - a +2 sling (weapon)
Armour
 d - a +2 helmet (worn)
 e - a +0 ring mail
 g - a +1 pair of boots (worn)
 k - the +0 leather armour of Lugh (worn) {rN++ Will+ Str+5 Dex-3}
   (You found it on level 3 of the Dungeon)

   Str:       It affects your strength (+5).
   Dex:       It affects your dexterity (-3).
   rN:        It greatly protects you from negative energy.
   Will:      It increases your willpower.
Jewellery
 l - an amulet of faith (around neck)
Scrolls
 a - 2 scrolls of identify
Potions
 c - 2 potions of curing
 f - a potion of heal wounds
 j - a potion of haste

Dungeon Overview and Level Annotations

Branches:
Dungeon (4/15)
 Temple: D:4-7

Altars:
Xom

Shops:
D:1 [


Message History

Enter note:
Enter note:
Enter note:
Enter note:
Enter note:
Enter note: You shoot a sling bullet.
The sling bullet hits the orc but does no damage.
The orc hits you but does no damage. Something hits you but does no damage.
Deactivating autopickup; reactivate with Ctrl-A.
The orc barely misses you.
Autopickup is now on.
You shoot a sling bullet.
The sling bullet hits the orc but does no damage.
The orc closely misses you.
You hear some strange, mumbled words.
A puff of flame appears from out of thin air!
Deactivating autopickup; reactivate with Ctrl-A.
The puff of flame hits you! The orc closely misses you.
You shoot a sling bullet.
The sling bullet hits the orc but does no damage.
The orc misses you.
You hear some strange, mumbled words.
A puff of flame appears from out of thin air!
The puff of flame hits you but does no damage.
The orc hits you but does no damage.
You shoot a sling bullet.
The sling bullet hits the orc but does no damage.
The orc hits you but does no damage. Something hits you.
The orc closely misses you. The orc barely misses you.
You hear some strange, mumbled words.
Something tries to affect you, but you resist.
You shoot a sling bullet.
The sling bullet closely misses the orc.
The orc hits you but does no damage. Something hits you.
You shoot a sling bullet. The sling bullet hits the orc.
The orc is moderately wounded.
The orc hits you with a +0 heavy hand axe!
Something hits you.
You die...

#.# ######.# #..#.###.## #.#
###...##.# #..#....... #.#
##........# #....####.# #.#
##......##)#####........# #.#
###....###....!# ###.######
#.####....### #..##.#####.#.....
#.#......## #..+..............
#.......## #oo##.###<#.#.####
#.#...### #@.##.# #.#.#.#
#.##### #.{##.###.#.#.# #.#
#'###.......#.# #.#
#..######.###.#### #.#
#................. #.#
##.#........#..... #.#
#.####...#.#..... #.#
#####..#######.#.....
#.##########..............#.....


You could see 2 orcs.

Vanquished Creatures
  An ogre (D:4)
  5 adders
  2 worms (D:2)
  An orc (D:4)
  5 endoplasms
  A giant cockroach (D:1)
  3 goblins
  6 hobgoblins
  3 jackals (D:3)
  A quokka (D:3)
  3 ball pythons
  7 bats
  6 frilled lizards
  3 kobolds
  5 rats
52 creatures vanquished.

Notes
Turn   | Place    | Note
-------+----------+-------------------------------------------
     0 | D:1      | qw the Gargoyle Hexslinger began the quest for the Orb.
     0 | D:1      | Reached XP level 1. HP: 12/12 MP: 2/2
     0 | D:1      | 0 ||| qw: Version: 0.3-a-46-gb1f654a
     0 | D:1      | 0 ||| qw: Game counter: 2808
     0 | D:1      | 0 ||| qw: Melee chars always use a shield: true
     0 | D:1      | 0 ||| qw: God list: Okawaru
     0 | D:1      | 0 ||| qw: Allow faded altars: false
     0 | D:1      | 0 ||| qw: Do Orc after clearing Dungeon:15 true
     0 | D:1      | 0 ||| qw: Do second Lair branch before Depths: true
     0 | D:1      | 0 ||| qw: Lair rune preference: random
     0 | D:1      | 0 ||| qw: Goals: Normal
     0 | D:1      | 0 ||| PLANNING D:1-11
   355 | D:1      | Reached XP level 2. HP: 16/16 MP: 3/3
   461 | D:1      | Found Oqyfiez's Armour Shoppe.
   481 | D:1      | 481 ||| SHOPLISTING +5 ring mail of Dogma {Dex+4} (488
                  | gold, have 44).
   499 | D:1      | Reached skill level 3 in Ranged Weapons
   896 | D:1      | 896 ||| UPGRADING to +0 ring mail.
   906 | D:1      | 906 ||| DROPPING +0 robe.
   907 | D:1      | 907 ||| UPGRADING to amulet of faith.
   912 | D:1      | 912 ||| READING 2 scrolls labelled UCSOIT XEIHI.
   913 | D:1      | 913 ||| READING scroll labelled LOUMOH JOTAI.
   914 | D:1      | 914 ||| READING scroll labelled NUNWOR YC ZEMU.
   915 | D:1      | 915 ||| READING scroll labelled HIALOAF PUE.
  1016 | D:1      | 1016 ||| DRINKING 2 fizzy grey potions.
  1017 | D:1      | 1017 ||| DRINKING 2 black potions.
  1018 | D:1      | 1018 ||| DROPPING scroll of poison.
  1111 | D:2      | Identified the +2 hand axe of the Hall of Blades {vamp,
                  | rElec Will+}
  1170 | D:2      | Reached XP level 3. HP: 21/21 MP: 4/4
  1486 | D:2      | Reached XP level 4. HP: 22/26 MP: 5/5
  1600 | D:2      | 1600 ||| UPGRADING to +0 pair of boots.
  1605 | D:2      | 1605 ||| READING scroll labelled CEKUG USHILO.
  1606 | D:2      | 1606 ||| DRINKING 2 smoky inky potions.
  1607 | D:2      | 1607 ||| DRINKING 3 pink potions.
  1637 | D:2      | 1637 ||| READING 2 scrolls of identify.
  1637 | D:2      | 1637 ||| IDENTIFYING grey potion
  1638 | D:2      | 1638 ||| DROPPING 2 potions of lignification.
  1639 | D:2      | 1639 ||| DROPPING potion of brilliance.
  1821 | D:3      | Identified the +0 leather armour of Lugh {rN++ Will+ Str+5
                  | Dex-3}
  1893 | D:3      | Found a shimmering altar of Xom.
  1989 | D:3      | Reached skill level 1 in Armour
  2085 | D:3      | Reached skill level 4 in Ranged Weapons
  2147 | D:3      | Found a faded altar of an unknown god.
  2566 | D:3      | 2566 ||| UPGRADING to +2 helmet.
  2571 | D:3      | 2571 ||| UPGRADING to +0 leather armour of Lugh {rN++ Will+
                  | Str+5 Dex-3}.
  2581 | D:3      | 2581 ||| DROPPING ring of wizardry.
  2582 | D:3      | 2582 ||| READING scroll labelled VUZXIF URIEGU.
  2583 | D:3      | 2583 ||| READING 2 scrolls labelled TIUNAH SUSSANG.
  2584 | D:3      | 2584 ||| READING scroll of enchant armour.
  2584 | D:3      | 2584 ||| ENCHANTING +0 pair of boots.
  2585 | D:3      | 2585 ||| READING scroll labelled OKEUSEVOYHU.
  2588 | D:3      | 2588 ||| READING scroll labelled GAFIPU ENOIGHU.
  2589 | D:3      | 2589 ||| READING 3 scrolls of identify.
  2589 | D:3      | 2589 ||| IDENTIFYING bubbling yellow potion
  2590 | D:3      | 2590 ||| DROPPING potion of berserk rage.
  2598 | D:4      | Noticed an ogre
  2604 | D:4      | Killed an ogre
  2605 | D:4      | Reached skill level 5 in Ranged Weapons
  2605 | D:4      | Reached XP level 5. HP: 30/30 MP: 6/6
  2611 | D:4      | 2611 ||| STAIRDANCE
  2618 | D:3      | HP: 1/30 [orc/+0 heavy hand axe (10)]
  2618 | D:3      | Slain by an orc wizard

Levels and vault maps discovered:
D:1:      beargit_arrival_diablo_church, layout_basic, serial_shops, shop
D:2:      layout_basic
D:3:      layout_basic, lemuel_coloured_pillars_altar,
          dreamdust_ecumenical_altar_angels_and_demons, serial_curves,
          eino_curves_03, eino_curves_02, eino_curves_01
D:4:      layout_rooms, nicolae_ru_awakened_eye, minmay_temple_entry_oklob,
          st_stairs_5, uniq_ijyb

Skill      XL: |  1  2  3  4 |
---------------+-------------+-----
Ranged Weapons | 3 5 |  5.2
Fighting       | 2 |  2.0
Armour         | 1 |  1.3
Dodging        | |  1.5
Spellcasting   | |  1.0
Hexes          | |  2.6

Action                     |  1- 3 |  4- 6 || total
---------------------------+-------+-------++-------
   Fire: Sling             |   125 |    79 ||   204
    Use: Scroll            |     4 |     8 ||    12
         Potion            |     2 |     2 ||     4
 Armour: Ring mail         |    29 |    15 ||    44
         Robe              |     2 |       ||     2
         Leather armour    |       |    11 ||    11
  Dodge: Dodged            |    38 |    33 ||    71

Table legend:
 A = Non-vault XP
 B = Vault XP
 C = Vault XP percentage of total XP
 D = Non-vault monster count
 E = Vault monster count
 F = Vault count percentage of total count
                 A         B        C        D         E       F
            +---------+---------+-------+---------+---------+-------
      Total |     266 |       0 |   0.0 |      52 |       0 |   0.0
            +---------+---------+-------+---------+---------+-------
        D:1 |      26 |       0 |   0.0 |      19 |       0 |   0.0
        D:2 |      63 |       0 |   0.0 |      14 |       0 |   0.0
        D:3 |      53 |       0 |   0.0 |      17 |       0 |   0.0
        D:4 |     124 |       0 |   0.0 |       2 |       0 |   0.0
            +---------+---------+-------+---------+---------+-------
